 Dungeon Crawl Stone Soup version 0.29.1-15-g9cfb28693d (webtiles) character file.

Game seed: 9084425606815417657

435 Hugehornet the Prestidigitator (level 7, -1/52 HPs)
             Began as a Gnoll Wanderer on Mar 19, 2023.
             Slain by Edmund
             ... wielding a +5 flail of holy wrath
              (14 damage)
             ... on level 5 of the Dungeon.
             The game lasted 00:09:39 (4447 turns).

Hugehornet the Prestidigitator (Gnoll Wanderer)     Turns: 4447, Time: 00:09:41

Health: -1/52      AC:  5    Str: 11    XL:     7   Next: 0%
Magic:  6/10       EV: 12    Int: 11    God:
Gold:   199        SH:  4    Dex: 14    Spells: 9/10 levels left

rFire   . . .      SeeInvis .   C - +1 short sword (venom)
rCold   . . .      Faith    .   a - +0 buckler
rNeg    . . .      Spirit   .   e - +0 leather armour
rPois   .          Reflect  .   E - +0 helmet
rElec   .          Harm     .   (no cloak)
rCorr   .          Rampage  .   y - +0 pair of gloves
Will    .....                   (no boots)
Stlth   ++........              (no amulet)
HPRegen 0.17/turn               n - ring of wizardry
MPRegen 0.12/turn               (no ring)

@: very slightly contaminated
A: fangs 1, strong nose, distributed training
a: no special abilities


You were on level 5 of the Dungeon.
You visited 1 branch of the dungeon, and saw 5 of its levels.

You collected 199 gold pieces.

Inventory:

Hand Weapons
 m - a +0 falchion
 p - a +0 dagger of venom
 s - a +0 club
 C - a +1 short sword of venom (weapon)
 D - a +1 vampiric dagger
Missiles
 h - 6 boomerangs
 B - 5 silver javelins
 F - 6 atropa-tipped darts
Armour
 a - a +0 buckler (worn)
 e - a +0 leather armour (worn)
 y - a +0 pair of gloves (worn)
 E - a +0 helmet (worn)
Jewellery
 n - a ring of wizardry (left hand)
Wands
 k - a wand of mindburst (14)
Scrolls
 d - a scroll of fear
 g - a scroll of amnesia {unknown}
 i - 4 scrolls of identify
 q - a scroll of enchant armour {unknown}
 r - 3 scrolls of blinking
 u - 2 scrolls of teleportation {unknown}
 v - a scroll of silence {unknown}
 w - a scroll of magic mapping {unknown}
 z - a scroll of poison {unknown}
 A - 2 scrolls of vulnerability {unknown}
 G - a scroll of torment {unknown}
Potions
 b - a potion of attraction
 c - 2 potions of lignification
 j - a potion of might {unknown}
 l - a potion of experience {unknown}
 o - a potion of resistance {unknown}
 t - a potion of brilliance {unknown}
Miscellaneous
 f - a condenser vane (inert) (quivered)


   Skills:
 + Level 3.5 Fighting
 + Level 2.3 Short Blades
 + Level 2.3 Long Blades
 + Level 2.3 Axes
 + Level 2.3 Maces & Flails
 + Level 2.3 Polearms
 + Level 2.3 Staves
 + Level 2.3 Ranged Weapons
 + Level 2.3 Throwing
 + Level 3.5 Armour
 + Level 3.5 Dodging
 + Level 2.3 Stealth
 + Level 2.3 Shields
 + Level 5.1 Unarmed Combat
 + Level 2.3 Spellcasting
 + Level 1.8 Conjurations
 + Level 1.8 Hexes
 + Level 1.8 Summonings
 + Level 1.8 Necromancy
 + Level 1.8 Translocations
 + Level 1.8 Transmutations
 + Level 1.8 Fire Magic
 + Level 1.8 Ice Magic
 + Level 1.8 Air Magic
 + Level 1.8 Earth Magic
 + Level 1.8 Poison Magic
 + Level 2.5 Invocations
 + Level 10.7 Evocations


You had 9 spell levels left.
You knew the following spells:

 Your Spells              Type           Power      Damage    Failure   Level
a - Slow                  Hex            20%        N/A       9%          1

Your spell library contained the following spells:

 Spells                   Type           Power      Damage    Failure   Level
 Confusing Touch          Hex            5%         N/A       26%         3
 Ozocubu's Armour         Ice            5%         N/A       26%         3
 Vampiric Draining        Necr           5%         2d6       26%         3
 Metabolic Englaciation   Hex/Ice        2%         N/A       91%         5
 Simulacrum               Ice/Necr       2%         N/A       100%        6
 Ozocubu's Refrigeration  Ice            2%         4d8       100%        7


Dungeon Overview and Level Annotations

Branches:
Dungeon (5/15)
 Temple: D:4-7

Altars:

Shops:
D:3 [

Annotations:
D:5 Edmund


Innate Abilities, Weirdness & Mutations

You have very sharp teeth.
Your uncanny sense of smell can sniff out nearby items.
Your experience applies equally to all skills.


Message History

Confirm with . or Enter, or press ? or * to list all spells.
Aiming: Slow (safe; 9% risk of failure)
Press: ? - help, Shift-Dir - straight line, f/p - Edmund
Aim: Edmund, wielding a +5 flail of holy wrath and wearing a +0 leather armour (chance to affect: 40%) Edmund resists with some effort.
Edmund hits you with a +5 flail of holy wrath!
Casting: Slow (safe; 9% risk of failure)
Confirm with . or Enter, or press ? or * to list all spells.
Aiming: Slow (safe; 9% risk of failure)
Press: ? - help, Shift-Dir - straight line, f/p - Edmund
Aim: Edmund, wielding a +5 flail of holy wrath and wearing a +0 leather armour (chance to affect: 40%) Edmund resists with some effort.
Edmund hits you with a +5 flail of holy wrath!
Unknown command.
Casting: Slow (safe; 9% risk of failure)
Confirm with . or Enter, or press ? or * to list all spells.
Aiming: Slow (safe; 9% risk of failure)
Press: ? - help, Shift-Dir - straight line, f/p - Edmund
Aim: Edmund, wielding a +5 flail of holy wrath and wearing a +0 leather armour (chance to affect: 40%) Edmund resists with some effort.
Edmund hits you with a +5 flail of holy wrath!
Hit: C) +1 short sword (venom)
Press: ? - help, Dir - move target, f/p - Edmund
Aim: Edmund, wielding a +5 flail of holy wrath and wearing a +0 leather armour (about 36% to evade your +1 short sword of venom)
You hit Edmund.
Edmund is lightly wounded.
Edmund hits you with a +5 flail of holy wrath!
* * * LOW HITPOINT WARNING * * *
Okay, then.
Unknown command.
You feel better.
Edmund hits you with a +5 flail of holy wrath!
* * * LOW HITPOINT WARNING * * *
Hit: C) +1 short sword (venom)
Press: ? - help, Dir - move target, f/p - Edmund
Aim: Edmund, wielding a +5 flail of holy wrath and wearing a +0 leather armour (lightly wounded, about 36% to evade your +1 short sword of venom)
You hit Edmund. You bite Edmund, but do no damage.
Edmund is lightly wounded.
Edmund hits you with a +5 flail of holy wrath!
You die...

... .##....###.....###
.... ##...# #.......#
.... #<..########...
#..#####.###.#.......
#..............##.##.
#......##....####..#.###
#.......................
.....#######..#########.
#....#[@............ #.
#... ##@..........#. #.
... #.........#)## #.
#.. #..######.### P.
#... ... P. #... ...# ..
##### ####


You could see Edmund.

Vanquished Creatures
  An ogre (D:4)
  A scorpion (D:4)
  2 orc priests (D:3)
  2 jellies
  2 iguanas (D:4)
  5 adders
  2 dart slugs (D:2)
  5 orcs (D:3)
  4 ball pythons
  5 endoplasms
  3 giant cockroaches
  3 goblins
  3 hobgoblins
  3 quokkas
  4 bats
  A frilled lizard (D:3)
  8 kobolds
  20 rats
74 creatures vanquished.

Notes
Turn   | Place    | Note
-------+----------+-------------------------------------------
     0 | D:1      | Reached skill level 10 in Evocations
     0 | D:1      | Hugehornet the Gnoll Wanderer began the quest for the Orb.
     0 | D:1      | Hugehornet set off with the following items: a +0 dagger, a
                  | potion of attraction, a potion of lignification, a scroll
                  | of fear, a +0 leather armour, a condenser vane.
     0 | D:1      | Reached XP level 1. HP: 17/17 MP: 1/1
   438 | D:1      | Reached XP level 2. HP: 22/23 MP: 2/2
   473 | D:1      | Found a faded altar of an unknown god.
  1208 | D:2      | Reached XP level 3. HP: 24/28 MP: 3/3
  1623 | D:3      | Found Qairir's Antique Armour Shoppe.
  1644 | D:3      | Reached skill level 1 in Invocations
  1775 | D:3      | Reached skill level 1 in Short Blades
  1775 | D:3      | Reached skill level 1 in Long Blades
  1775 | D:3      | Reached skill level 1 in Axes
  1775 | D:3      | Reached skill level 1 in Maces & Flails
  1775 | D:3      | Reached skill level 1 in Polearms
  1775 | D:3      | Reached skill level 1 in Staves
  1775 | D:3      | Reached skill level 1 in Ranged Weapons
  1775 | D:3      | Reached skill level 1 in Throwing
  1775 | D:3      | Reached skill level 1 in Stealth
  1775 | D:3      | Reached skill level 1 in Shields
  1775 | D:3      | Reached skill level 1 in Spellcasting
  2249 | D:3      | Reached skill level 1 in Conjurations
  2249 | D:3      | Reached skill level 1 in Hexes
  2249 | D:3      | Reached skill level 1 in Summonings
  2249 | D:3      | Reached skill level 1 in Necromancy
  2249 | D:3      | Reached skill level 1 in Translocations
  2249 | D:3      | Reached skill level 1 in Transmutations
  2249 | D:3      | Reached skill level 1 in Fire Magic
  2249 | D:3      | Reached skill level 1 in Ice Magic
  2249 | D:3      | Reached skill level 1 in Air Magic
  2249 | D:3      | Reached skill level 1 in Earth Magic
  2249 | D:3      | Reached skill level 1 in Poison Magic
  2249 | D:3      | Reached XP level 4. HP: 25/34 MP: 5/5
  2618 | D:3      | Reached XP level 5. HP: 5/40 MP: 5/7
  3365 | D:4      | Learned a level 1 spell: Slow
  3502 | D:4      | Reached XP level 6. HP: 23/47 MP: 8/8
  3768 | D:4      | Reached skill level 5 in Unarmed Combat
  4182 | D:5      | Entered Level 5 of the Dungeon
  4242 | D:5      | Reached XP level 7. HP: 20/52 MP: 10/10
  4437 | D:5      | Noticed Edmund
  4447 | D:5      | Slain by Edmund

Illustrated notes

Levels and vault maps discovered:
D:1:      tarquinn_simple_flora_water_e, layout_rooms,
          hellmonk_ecumenical_altar_inner_sanctum, minmay_cut_off
D:2:      kennysheep_big_flooded_room, layout_rooms
D:3:      layout_rooms, serial_shops, shop, minmay_rat_hole
D:4:      layout_rooms
D:5:      layout_cave_pools, kennysheep_mini_moat,
          gammafunk_temple_overflow_pools, serial_shops, nicolae_diamond_shop,
          sigmund_edmund_badplayer

Skill      XL: |  1  2  3  4  5  6 |
---------------+-------------------+-----
Evocations     | | 10.7
Invocations    | 1 2 |  2.5
Short Blades   | 1 2 |  2.3
Long Blades    | 1 2 |  2.3
Axes           | 1 2 |  2.3
Maces & Flails | 1 2 |  2.3
Polearms       | 1 2 |  2.3
Staves         | 1 2 |  2.3
Ranged Weapons | 1 2 |  2.3
Throwing       | 1 2 |  2.3
Stealth        | 1 2 |  2.3
Shields        | 1 2 |  2.3
Spellcasting   | 1 2 |  2.3
Conjurations   | 1 |  1.8
Hexes          | 1 |  1.8
Summonings     | 1 |  1.8
Necromancy     | 1 |  1.8
Translocations | 1 |  1.8
Transmutations | 1 |  1.8
Fire Magic     | 1 |  1.8
Ice Magic      | 1 |  1.8
Air Magic      | 1 |  1.8
Earth Magic    | 1 |  1.8
Poison Magic   | 1 |  1.8
Fighting       | 3 |  3.5
Armour         | 3 |  3.5
Dodging        | 3 |  3.5
Unarmed Combat | 5 |  5.1

Action                   |  1- 3 |  4- 6 |  7- 9 || total
-------------------------+-------+-------+-------++-------
Melee: Dagger            |   114 |    23 |       ||   137
       Falchion          |     7 |       |       ||     7
       Bite              |     6 |    15 |     1 ||    22
       Punch             |     4 |     1 |       ||     5
       Short sword       |       |   103 |     2 ||   105
 Cast: Slow              |       |     5 |     3 ||     8
Evoke: Condenser vane    |       |     2 |       ||     2
  Use: Potion            |       |     1 |     1 ||     2
       Scroll            |       |       |     1 ||     1
 Stab: Sleeping          |     2 |     5 |       ||     7
Armor: Leather armour    |    32 |    29 |       ||    61
Dodge: Dodged            |    61 |    71 |       ||   132
Block: Buckler           |       |    11 |       ||    11
